 Dungeon Crawl Stone Soup version 0.21-a0-401-g0b6bec4 (webtiles) character file.

228 kae the Digger (level 6, -3/32 HPs)
             Began as a Gargoyle Earth Elementalist on Oct 23, 2017.
             Killed by divine providence
             ... invoked by an orc priest
              (15 damage)
             ... on level 3 of the Dungeon.
             The game lasted 00:04:07 (3085 turns).

kae the Digger (Gargoyle Earth Elementalist)        Turns: 3085, Time: 00:04:08

Health: -3/32      AC:  9    Str: 11    XL:     6   Next: 2%
Magic:  12/12      EV: 12    Int: 18    God:
Gold:   121        SH:  0    Dex: 10    Spells: 12/13 levels left

rFire    . . .     SeeInvis .   k - +0 hand axe
rCold    . . .     Gourm    .   (no shield)
rNeg     + . .     Faith    +   c - +0 robe
rPois    ∞         Spirit   .   s - +1 helmet
rElec    +         Reflect  .   (no cloak)
rCorr    .         Harm     .   n - +0 pair of gloves
MR       .....                  (no boots)
Stlth    ++........             a - amulet of faith
HPRegen  0.10/turn              (no ring)
MPRegen  0.13/turn              (no ring)

@: hasted, very quick
A: negative energy resistance 1, electricity resistance, unbreathing,
petrification resistance, rot immunity, AC +4
a: no special abilities


You were on level 3 of the Dungeon.
You were hungry.

You visited 1 branch of the dungeon, and saw 3 of its levels.

You collected 121 gold pieces.

Inventory:

Hand Weapons
 k - a +0 hand axe (weapon)
Missiles
 b - 61 stones (quivered)
Armour
 c - a +0 robe (worn)
 n - a +0 pair of gloves (worn)
 s - a +1 helmet (worn)
Jewellery
 a - an amulet of faith (around neck)
 r - an uncursed amulet of harm {unknown}
Scrolls
 h - 3 scrolls of remove curse
 p - 2 scrolls of amnesia
Potions
 f - a potion of might
 g - a potion of brilliance {unknown}
 l - a potion of resistance {unknown}
 o - a potion of invisibility {unknown}
Books
 e - a book of Geomancy

   Spells                             Type                      Level
   a - Sandblast                      Earth                        1
   b - Passwall                       Transmutation/Earth          2
   c - Stone Arrow                    Conjuration/Earth            3
   d - Petrify                        Transmutation/Earth          4
   e - Lee's Rapid Deconstruction     Earth                        5
Comestibles
 d - 2 bread rations
 i - a royal jelly
 j - 2 fruits
 t - a meat ration


   Skills:
 - Level 1.5 Dodging
 - Level 2.1 Stealth
 + Level 4.1 Spellcasting
   Level 0.7 Transmutations
 + Level 6.1 Earth Magic


You had 12 spell levels left.
You knew the following spells:

 Your Spells              Type           Power        Failure   Level  Hunger
a - Sandblast             Erth           ####..       1%          1    None


Dungeon Overview and Level Annotations

Branches:
Dungeon (3/15)

Altars:
Dithmenos
Nemelex Xobeh
Okawaru
Yredelemnul

Annotations:
D:3 1 runed door, Natasha


Innate Abilities, Weirdness & Mutations

You are resistant to torment.
Your stone body is resilient. (AC +4)
You are immune to poison.
You resist negative energy. (rN+)
You are resistant to electric shocks. (rElec)
You can survive without breathing.
You are immune to petrification.
You are immune to rotting.


Message History

The orc is wielding a short sword of freezing.
An orc priest and Natasha come into view.
Natasha hisses angrily.
The orc priest shouts!
The quokka barely misses you.
Natasha moves out of view.
A quokka comes into view.
The quokka twitches its whiskers.
The quokka bites you but does no damage.
The orc priest mumbles some strange prayers to Beogh against you.
Beogh smites you! The quokka bites you.
Okay, then.
Okay, then.
Okay, then.
Okay, then.
You feel yourself speed up.
The quokka twitches its whiskers.
The quokka bites you but does no damage.
The orc priest invokes the aid of Beogh against you.
Beogh smites you!
You die...

#
#...##............#
# #
#........######...#
# #.#.##.#.# #...#
# #.##.#.# #... #
#....#.# # #.####.#
. # #.####.###.. ..
#.............
####@#####.g##.
#r#####.....
#.##>....... #o##o#
# #g##o##....
#.o.goohr...
####.###.... ..# ..
.##


You could see an orc priest, an orc, a quokka and a hobgoblin.

Vanquished Creatures
  A crimson imp (D:3)
  A bullfrog skeleton (D:3)
  9 adders
  2 oozes
  2 worms (D:3)
  A dart slug (D:3)
  3 leopard geckos (D:1)
  A ball python (D:1)
  6 giant cockroaches
  4 goblins
  5 hobgoblins
  10 kobolds
  A quokka (D:2)
  10 bats
  8 frilled lizards
  A jackal zombie (D:3)
  7 rats
72 creatures vanquished.

Notes
Turn   | Place    | Note
-------+----------+-------------------------------------------
     0 | D:1      | kae the Gargoyle Earth Elementalist began the quest for the Orb.
     0 | D:1      | Reached XP level 1. HP: 10/10 MP: 3/3
   329 | D:1      | Reached XP level 2. HP: 13/15 MP: 1/5
   335 | D:1      | Reached skill level 4 in Earth Magic
   830 | D:1      | Reached XP level 3. HP: 15/19 MP: 1/6
  1266 | D:1      | Found a sparkling altar of Nemelex Xobeh.
  1440 | D:2      | Found an iron altar of Okawaru.
  1505 | D:2      | Reached XP level 4. HP: 23/24 MP: 0/8
  1542 | D:2      | Reached skill level 5 in Earth Magic
  1741 | D:2      | Found a shadowy altar of Dithmenos.
  2616 | D:2      | Reached XP level 5. HP: 17/28 MP: 6/10
  2866 | D:3      | Found a runed door.
  2977 | D:3      | Reached skill level 6 in Earth Magic
  3008 | D:3      | Found a basalt altar of Yredelemnul.
  3049 | D:3      | Reached XP level 6. HP: 26/32 MP: 12/12
  3077 | D:3      | Noticed Natasha
  3085 | D:3      | Killed from afar by an orc priest

Vault maps used:
D:1:      dpeg_arrival_refuge, nemelex_altar_shiori
D:2:      cheibrodos_helix_gallery, lemuel_doored_altar,
          okawaru_ov_weapons_minmay, first_bread
D:3:      old_standard_altar, uniq_crazy_yiuf_cottage, uniq_natasha,
          uniq_jessica

Skill      XL: |  1  2  3  4  5 |
---------------+----------------+-----
Earth Magic    | 4 5 6 |  6.1
Spellcasting   | 3 4 |  4.1
Dodging        | |  1.5
Stealth        | |  2.1
Transmutations | |  0.7

Action                   |  1- 3 |  4- 6 || total
-------------------------+-------+-------++-------
Melee: Unarmed           |    50 |       ||    50
       Hand axe          |    33 |   127 ||   160
 Cast: Sandblast         |    43 |    31 ||    74
  Use: Scroll            |     1 |     4 ||     5
       Potion            |       |     1 ||     1
 Stab: Sleeping          |     2 |     2 ||     4
  Eat: Chunk             |     2 |     5 ||     7
Armor: Robe              |    32 |   100 ||   132
Dodge: Dodged            |    85 |   135 ||   220

Table legend:
 A = Spawn XP
 B = Non-spawn XP
 C = Spawn XP percentage of total XP
 D = Spawn monster count
 E = Non-spawn monster count
 F = Spawn count percentage of total count
 G = Total turns spent on level
                    A         B        C        D         E        F      G
               +---------+---------+-------+---------+---------+-------+---------
         Total |       0 |     327 |   0.0 |       0 |      72 |   0.0 |  3085
               +---------+---------+-------+---------+---------+-------+---------
           D:1 |       0 |      55 |   0.0 |       0 |      33 |   0.0 |  1418
           D:2 |       0 |     113 |   0.0 |       0 |      23 |   0.0 |  1310
           D:3 |       0 |     159 |   0.0 |       0 |      16 |   0.0 |   357
               +---------+---------+-------+---------+---------+-------+---------
